 Dungeon Crawl Stone Soup version 0.19-a0-1815-g4007336 (webtiles) character file.

11018 KarmaPolice the Slicer (level 11, -5/87 HPs)
             Began as a Vampire Assassin on Oct 6, 2016.
             Was a Follower of Kikubaaqudgha.
             Slain by a troll (6 damage)
             ... on level 11 of the Dungeon.
             The game lasted 00:45:55 (16094 turns).

KarmaPolice the Slicer (Vampire Assassin)          Turns: 16094, Time: 00:45:55

Health: -5/87      AC: 12    Str: 14    XL:     11   Next: 43%
Magic:  17/17      EV: 12    Int: 14    God:    Kikubaaqudgha [*.....]
Gold:   99         SH:  0    Dex: 19    Spells: 0 memorised, 18 levels left

rFire  . . .     SeeInvis +     V - +10 rapier "Ihou" {pierce, rPois rC+ rN+ Str-5}
rCold  + + .     Gourm    .     U - +1 ring mail of Vifiseha {rPois rCorr Str+2 Dex+2} (curse)
rNeg   + + +     Faith    .     (no shield)
rPois  +         Spirit   .     D - +0 helmet
rElec  .         Dismiss  .     d - +0 cloak
rCorr  +         Reflect  .     (no gloves)
MR     +....     Harm     .     T - +1 pair of boots
Stlth  ++++......               (no amulet)
                                S - ring of wizardry
                                q - +3 ring of slaying

@: mighty, lethally poisoned (-5 -> -7), regenerating slowly
A: fangs 3, see invisible, unbreathing
a: Bat Form, Receive Corpses, Renounce Religion


You were on level 11 of the Dungeon.
You worshipped Kikubaaqudgha.
Kikubaaqudgha was aware of your devotion.
You were near bloodless.

You visited 2 branches of the dungeon, and saw 13 of its levels.

You collected 585 gold pieces.
You spent 486 gold pieces at shops.

Inventory:

Hand Weapons
 b - a +0 blowgun
 K - a +5 short sword of protection
 V - the +10 rapier "Ihou" (weapon) {pierce, rPois rC+ rN+ Str-5}
   (You found it on level 10 of the Dungeon)

   It inflicts extra damage upon your enemies.
   It affects your strength (-5).
   It protects you from cold.
   It protects you from poison.
   It protects you from negative energy.
Missiles
 e - 53 poisoned needles
 f - a curare-tipped needle
 h - a throwing net (quivered)
Armour
 d - a +0 cloak (worn)
 m - a pearl dragon hide
 A - a +0 shield
 D - a +0 helmet (worn)
 Q - a +2 ring mail of fire resistance
 T - a +1 pair of boots (worn)
 U - the cursed +1 ring mail of Vifiseha (worn) {rPois rCorr Str+2 Dex+2}
   (You bought it in a shop on level 9 of the Dungeon)

   It affects your strength (+2).
   It affects your dexterity (+2).
   It protects you from poison.
   It protects you from acid and corrosion.
   It has a curse placed upon it.
Jewellery
 c - an uncursed amulet of regeneration {unknown}
 q - a +3 ring of slaying (left hand)
 S - a ring of wizardry (right hand)
Wands
 a - a wand of lightning (3/15)
 p - a wand of confusion (7/48)
 v - a wand of hasting (3/9)
 E - a wand of iceblast (8/15)
 M - a wand of hasting (5/9)
Scrolls
 i - 3 scrolls of recharging
 n - 3 scrolls of fog {unknown}
 o - 2 scrolls of blinking {unknown}
 t - 2 scrolls of amnesia {unknown}
 u - a scroll of acquirement {unknown}
 w - 3 scrolls of enchant armour {unknown}
 y - a scroll of immolation {unknown}
 B - 3 scrolls of silence
 C - 3 scrolls of remove curse
 H - a scroll of magic mapping
 I - 3 scrolls of fear {unknown}
 J - 2 scrolls of teleportation {unknown}
 W - a scroll of summoning {unknown}
Potions
 g - 26 potions of blood
 j - a potion of agility {unknown}
 k - 2 potions of brilliance {unknown}
 l - 3 potions of flight {unknown}
 r - 5 potions of curing
 s - 2 potions of cure mutation
 z - a potion of magic {unknown}
 G - 2 potions of haste {unknown}
 N - 2 potions of resistance {unknown}
 O - a potion of might
 P - a potion of cancellation {unknown}
 R - a potion of invisibility {unknown}
Books
 F - Kikubaaqudgha's Grimoire of Evil
   (Kikubaaqudgha gifted it to you on level 10 of the Dungeon)

   Spells                             Type                      Level
   a - Animate Skeleton               Necromancy                   1
   b - Corpse Rot                     Necromancy                   2
   c - Sublimation of Blood           Necromancy                   2
   d - Vampiric Draining              Necromancy                   3
   e - Control Undead                 Necromancy                   4
 L - a book of Cantrips

   Spells                             Type                      Level
   a - Confusing Touch                Hexes                        1
   b - Animate Skeleton               Necromancy                   1
   c - Summon Small Mammal            Summoning                    1
   d - Apportation                    Translocation                1


   Skills:
 + Level 8.9 Fighting
 + Level 10.2 Short Blades
 - Level 1.5 Throwing
 - Level 7.4 Armour
 + Level 3.0 Dodging
 - Level 8.0 Stealth
 - Level 4.0 Spellcasting
 + Level 4.0 Necromancy
 - Level 4.1 Evocations


You had 18 spell levels left.
You didn't know any spells.

Dungeon Overview and Level Annotations

Branches:
Dungeon (12/15)            Temple (1/1) D:5            Lair (0/6) D:11
    Orc (0/2) D:9

Altars:
Ashenzari
Cheibriados
Dithmenos
Elyvilon
Fedhas
Gozag
Hepliaklqana
Kikubaaqudgha
Makhleb
Nemelex Xobeh
Okawaru
Qazlal
Ru
Sif Muna
Trog
Uskayaw
Vehumet
Xom
Yredelemnul
Zin
The Shining One
Lugonu

Shops:
D:9 =(!*[   D:11 ?

Annotations:
D:4 Menkaure
D:5 Dowan


Innate Abilities, Weirdness & Mutations

You heal slowly.
You have razor-sharp teeth.
You have supernaturally acute eyesight. (SInv)
You can survive without breathing.


Message History

You puncture the troll!
The troll is heavily wounded.
The troll completely misses you. The troll claws you.
* * * LOW HITPOINT WARNING * * *
The troll barely misses you. The troll bites you but does no damage.
The troll claws you but does no damage. The troll misses you.
You puncture the troll!
The troll is almost dead.
The troll bites you.
* * * LOW HITPOINT WARNING * * *
The troll claws you but does no damage. The troll completely misses you.
The troll bites you but does no damage. The troll claws you!
* * * LOW HITPOINT WARNING * * *
The troll barely misses you.
Okay, then.
It was a potion of cure mutation.
It has a very clean taste.
Your hooves expand and flesh out into feet!
The troll barely misses you. The troll claws you.
You die...
Kikubaaqudgha rasps: "You have failed me!
Welcome... oblivion!"

******* *,,,,,* **,,**,* *,*,,,,*
# *,**,,** ########### # *,*,,,,*
#.........# # *,**,,**
#.#######.# # **,*,,,,*
#.#######%# #
**,,*******###.T@Th.##T#########
*,*,,,,,*,*#>..####......<.∩...##
**,*,,,*,*,#####,,#.##.......h...
*,*,*,*,*,,,,,,,**#.%............
*,,*,*,*,,******,,#############.#
*,,,*,*,,,*,*,*,,,* #..
*,,*,*,*,,*,,,,,*,* ##.
,,*,*,*,*,*,,,,,*,*************#.
,*,*,,,*,**,*,*,,,*,,,,,,,,,,,,..


You could see 2 trolls and a warg (wandering).

Vanquished Creatures
  A hill giant (D:10)
  Maurice (D:10)
  2 centaur zombies (D:10)
  Joseph (D:8)
  A troll (D:8)
  3 hippogriffs
  2 vampires
  A shadow (D:6)
  A wyvern (D:10)
  15 yaks
  Eustachio (D:4)
  A hungry ghost (D:10)
  A warg (D:11)
  A soldier ant (D:11)
  Duvessa (D:5)
  2 sky beasts
  2 orc warriors
  A water moccasin (D:11)
  A black bear (D:7)
  2 ice beasts
  A necrophage (D:11)
  2 phantoms
  7 ogres
  3 crocodiles
  4 centaurs
  A big kobold (D:6)
  6 bullfrogs
  A wyvern skeleton (D:10)
  8 killer bees
  2 scorpions
  3 howler monkeys
  6 crimson imps
  4 orc priests
  9 hounds
  2 quasits
  A jelly (D:9)
  Crazy Yiuf (D:6)
  3 bullfrog zombies
  12 orc wizards
  Ijyb (D:2)
  3 iguanas
  3 centaur skeletons
  14 worker ants
  A hound zombie (D:9)
  A howler monkey zombie (D:8)
  Robin (D:4)
  A worker ant zombie (D:7)
  6 gnolls
  6 adders
  5 shadow imps
  An ooze (D:7)
  An adder skeleton (D:7)
  4 worms
  3 dart slugs
  9 leopard geckos
  54 orcs
  3 bats
  7 giant cockroaches
  14 goblins
  9 hobgoblins
  5 jackals
  3 quokkas
  11 frilled lizards
  7 kobolds
  2 quokka skeletons
  A quokka zombie (D:8)
  4 rats
  A fungus (D:6)
298 creatures vanquished.

Notes
Turn   | Place    | Note
-------+----------+-------------------------------------------
     0 | D:1      | KarmaPolice the Vampire Assassin began the quest for the Orb.
     0 | D:1      | Reached XP level 1. HP: 16/16 MP: 1/1
   596 | D:1      | Reached XP level 2. HP: 21/22 MP: 2/2
   992 | D:2      | Reached skill level 1 in Armour
  1022 | D:2      | Noticed Ijyb
  1081 | D:2      | Killed Ijyb
  1081 | D:2      | Reached XP level 3. HP: 15/27 MP: 3/3
  1951 | D:2      | Reached XP level 4. HP: 25/33 MP: 4/4
  2388 | D:3      | Found a glowing silver altar of Zin.
  2388 | D:3      | Found an opulent altar of Gozag.
  2593 | D:3      | Reached skill level 3 in Short Blades
  2778 | D:4      | Noticed Eustachio
  2809 | D:4      | Killed Eustachio
  2809 | D:4      | Reached XP level 5. HP: 4/40 MP: 5/5
  2810 | D:4      | HP: 1/40 [quokka (3)]
  3074 | D:4      | Noticed Menkaure
  3450 | D:4      | Reached XP level 6. HP: 22/47 MP: 4/6
  3861 | D:4      | Reached skill level 4 in Short Blades
  4046 | D:4      | Noticed Robin
  4186 | D:4      | Found a radiant altar of Vehumet.
  4196 | D:4      | Killed Robin
  5108 | D:5      | Entered Level 5 of the Dungeon
  5258 | D:5      | Reached XP level 7. HP: 48/52 MP: 4/7
  5791 | D:5      | Reached skill level 5 in Short Blades
  5976 | D:5      | Noticed Duvessa
  5978 | D:5      | Noticed Dowan
  6064 | D:5      | Killed Duvessa
  6179 | D:5      | Found a staircase to the Ecumenical Temple.
  6189 | Temple   | Entered the Ecumenical Temple
  7011 | D:6      | Reached XP level 8. HP: 52/61 MP: 8/8
  7314 | D:6      | Reached skill level 6 in Short Blades
  7320 | D:6      | Reached skill level 5 in Fighting
  7642 | D:6      | Reached skill level 1 in Spellcasting
  8621 | D:6      | Found a runed door.
  8693 | D:6      | Noticed Crazy Yiuf
  8697 | D:6      | Killed Crazy Yiuf
  8807 | D:7      | Reached skill level 5 in Armour
  8942 | D:7      | Gained mutation: You have large cloven feet. [potion of beneficial mutation]
  9002 | D:7      | Reached skill level 7 in Short Blades
  9002 | D:7      | Reached XP level 9. HP: 44/69 MP: 11/13
  9898 | D:8      | Noticed a troll
 10839 | D:7      | Reached skill level 1 in Evocations
 10889 | D:8      | Noticed Joseph
 10892 | D:8      | Killed Joseph
 10892 | D:8      | Reached skill level 8 in Short Blades
 11339 | D:8      | Reached XP level 10. HP: 79/79 MP: 16/16
 11761 | D:9      | Found Tyudud's Weapon Emporium.
 12056 | D:9      | Found a blossoming altar of Fedhas.
 12114 | D:9      | Found Rimmergh's Antique Armour Shoppe.
 12230 | D:9      | Reached skill level 9 in Short Blades
 12311 | D:9      | Found Lestrismo's Distillery.
 12314 | D:9      | Bought a potion of curing for 30 gold pieces
 12314 | D:9      | Bought a potion of lignification for 30 gold pieces
 12314 | D:9      | Bought a potion of mutation for 25 gold pieces
 12314 | D:9      | Bought a potion of degeneration for 10 gold pieces
 12345 | D:9      | Found Oxuytaqu's General Store.
 12483 | D:9      | Found a bloodstained altar of Trog.
 12484 | D:9      | Found an ancient bone altar of Kikubaaqudgha.
 12486 | D:9      | Found a white marble altar of Elyvilon.
 12487 | D:9      | Found a hazy altar of Hepliaklqana.
 12487 | D:9      | Found a sacrificial altar of Ru.
 12488 | D:9      | Found a snail-covered altar of Cheibriados.
 12488 | D:9      | Found a glowing golden altar of the Shining One.
 12489 | D:9      | Found a shadowy altar of Dithmenos.
 12494 | D:9      | Became a worshipper of Kikubaaqudgha
 12674 | D:9      | Found Toraam's Jewellery Boutique.
 12707 | D:9      | Found an iron altar of Okawaru.
 13188 | D:9      | Found a staircase to the Orcish Mines.
 13189 | D:9      | You fall through a shaft for 3 floors!
 13352 | D:10     | Entered Level 10 of the Dungeon
 13708 | D:9      | Bought a pair of glowing boots for 117 gold pieces
 13715 | D:9      | Bought a bloodstained ring mail for 234 gold pieces
 13725 | D:9      | Identified the cursed +1 ring mail of Vifiseha {rPois rCorr Str+2 Dex+2} (You bought it in a shop on level 9 of the Dungeon)
 13793 | D:9      | Bought a potion of might for 40 gold pieces
 14085 | D:10     | Reached skill level 1 in Necromancy
 14849 | D:10     | Reached XP level 11. HP: 70/87 MP: 17/17
 14855 | D:10     | Got a jewelled rapier
 14856 | D:10     | Identified the +10 rapier "Ihou" {pierce, rPois rC+ rN+ Str-5} (You found it on level 10 of the Dungeon)
 14969 | D:10     | Reached * piety under Kikubaaqudgha
 14969 | D:10     | Identified Kikubaaqudgha's Grimoire of Evil (Kikubaaqudgha gifted it to you on level 10 of the Dungeon)
 14969 | D:10     | Received a gift from Kikubaaqudgha
 14994 | D:10     | Found a blossoming altar of Fedhas.
 15426 | D:10     | Reached skill level 10 in Short Blades
 15671 | D:10     | Noticed a hill giant
 15747 | D:10     | Killed a hill giant
 15912 | D:10     | Noticed Maurice
 15932 | D:10     | Killed Maurice
 15988 | D:11     | Found Estriethri's Magic Scroll Emporium.
 16093 | D:11     | HP: 1/87 [troll (7)]
 16094 | D:11     | Lost mutation: You have large cloven feet. [potion of cure mutation]
 16094 | D:11     | Slain by a troll

Vault maps used:
D:1:      shiori_arrival_oz
D:2:      uniq_iyjb
D:3:      grunt_temple_overflow_gold_and_silver
D:4:      vehumet_altar_wand_db, nicolae_underground_beach, uniq_eustachio,
          uniq_robin, uniq_menkaure
D:5:      first_bread, uniq_duvessa
D:6:      uniq_crazy_yiuf_cottage
D:8:      uniq_joseph
D:9:      old_standard_altar, grunt_temple_overflow_open,
          fedhas_altar_fruit_tree, orc_0_dummy, serial_shops,
          nicolae_shop_statue_plus, shop, shop, shop, nicolae_shop_behind_doors
D:10:     basic_altar, uniq_maurice
D:11:     minmay_tearing_corner, erik_lair_orcish_takeover, serial_shops, shop
D:12:     serial_shops, nicolae_shop_competitors_out_of_business
Temple:   corrupted_temple

Skill      XL: |  1  2  3  4  5  6  7  8  9 10 11 |
---------------+----------------------------------+-----
Stealth        | 6 7 8 |  8.0
Fighting       | 2 3 4 6 7 8 |  8.9
Armour         | 1 2 3 4 5 6 7 |  7.4
Short Blades   | 3 4 5 7 8 9 10 | 10.2
Spellcasting   | 2 4 |  4.0
Evocations     | 2 4 |  4.1
Necromancy     | 2 4 |  4.0
Dodging        | 3 |  3.0
Throwing       | |  1.5

Action                   |  1- 3 |  4- 6 |  7- 9 | 10-12 || total
-------------------------+-------+-------+-------+-------++-------
Melee: Dagger            |    93 |   134 |       |       ||   227
       Bite              |     2 |    23 |    46 |    58 ||   129
       Short sword       |       |       |   368 |   318 ||   686
       Kick              |       |       |    36 |    68 ||   104
       Unarmed           |       |       |       |     1 ||     1
       Rapier            |       |       |       |   109 ||   109
 Fire: Blowgun           |    15 |    23 |    19 |     3 ||    60
 Abil: Bat Form          |       |    14 |     9 |     6 ||    29
       End Transformatio |       |    13 |    10 |     6 ||    29
Evoke: Wand              |       |       |       |     4 ||     4
  Use: Potion            |       |     3 |     9 |     7 ||    19
       Scroll            |       |       |     2 |     5 ||     7
 Stab: Sleeping          |     7 |    13 |    22 |    16 ||    58
       Distracted        |       |     3 |     1 |     1 ||     5
       Confused          |       |       |       |     1 ||     1
  Eat: Corpse            |       |     1 |     3 |     1 ||     5
Armor: Robe              |    12 |     8 |    96 |    21 ||   137
       Ring mail         |       |       |       |   133 ||   133
Dodge: Dodged            |    39 |    70 |   177 |   193 ||   479
